Map: Blackpink LE

Players

Cham

  • Race: Zerg Zerg
  • Spawn Location: 7:00

RAIL - Winner!

  • Race: Protoss Protoss
  • Spawn Location: 1:00

Event: WCS Leipzig 2018

VOD

Have the link to the VOD?

Description

Time

  • Played on: Jan. 26, 2018, 7:02 a.m.
  • Length: 17:55

All games in this series

Show
View Real Time Build Order
Export as new Build Order

Cham Zerg 

Build Orders: Hatch First, Swarm Host 

Get SALT Encoding   

  12  0:01  Drone  
  13  0:09  Drone  
  14  0:17  Overlord  
  14  0:35  Drone  
  15  0:44  Hatchery  
  15  0:47  Drone  
  15  0:51  Drone  
  15  0:55  Drone  
  17  0:59  Drone  
  18  1:09  Extractor  
  17  1:15  Spawning Pool  
  17  1:17  Drone  
  17  1:21  Drone  
  18  1:33  Drone  
  19  1:43  Overlord  
  19  1:52  Drone  
  20  2:01  Queen x2  
  20  2:02  Zergling x2  
  20  2:03  Zergling x2  
  26  2:12  Drone  
  27  2:21  Drone x2  
  29  2:33  Hatchery  
  29  2:36  Drone  
  29  2:43  Queen  
  31  2:49  Drone  
  31  2:50  Drone  
  33  2:54  Overlord  
  33  2:58  Drone  
  34  3:01  Overlord  
  34  3:05  Lair  
  34  3:14  Drone x2  
  36  3:20  Drone x4  
  36  3:22  Drone x2  
  36  3:24  Drone  
  42  3:32  Roach Warren  
  41  3:35  Extractor  
  41  3:36  Drone, Extractor  
  41  3:40  Drone  
  41  3:42  Overlord  
  41  3:51  Drone  
  41  3:52  Drone x2  
  46  3:55  Drone x2  
  46  3:58  Overlord  
  46  4:00  Drone x2  
  46  4:02  Drone  
  49  4:07  Overseer  
  49  4:11  Drone, Glial Reconstitution  
  49  4:13  Roach  
  49  4:15  Roach  
  54  4:18  Roach  
  54  4:21  Roach  
  58  4:25  Roach  
  60  4:31  Roach x2  
  60  4:35  Overlord  
  60  4:36  Overlord  
  60  4:37  Drone  
  65  4:44  Overlord  
  65  4:55  Roach x7  
  65  4:59  Roach  
  81  5:04  Drone, Roach  
  81  5:05  Roach  
  86  5:10  Roach  
  86  5:13  Overlord  
  88  5:14  Drone  
  88  5:17  Overlord  
  89  5:25  Overlord  
  89  5:30  Drone, Extractor  
  89  5:31  Drone x2  
  89  5:32  Drone  
  89  5:34  Drone x2  
  89  5:35  Drone  
  95  5:36  Overlord  
  95  5:39  Drone x2  
  95  5:40  Drone x4  
  101  5:42  Hydralisk Den  
  101  5:46  Drone  
  101  5:50  Evolution Chamber  
  101  5:53  Drone x2, Extractor  
  101  5:54  Extractor  
  101  5:57  Drone x3  
  101  6:00  Drone x2  
  101  6:01  Drone x2  
  101  6:03  Drone x2  
  109  6:06  Pneumatized Carapace  
  109  6:16  Muscular Augments  
  109  6:18  Hatchery  
  108  6:21  Zerg Missile Weapons Level 1  
  108  6:22  Hydralisk  
  110  6:25  Overlord  
  110  6:30  Drone x5  
  110  6:31  Drone  
  110  6:32  Drone x2  
  118  6:34  Drone  
  119  6:40  Hydralisk  
  119  6:42  Overlord x2  
  119  6:43  Drone  
  119  6:44  Hydralisk  
  119  6:46  Hydralisk  
  124  6:47  Hydralisk  
  124  6:51  Overlord  
  124  6:53  Overlord  
  127  6:55  Hydralisk  
  127  6:59  Hydralisk  
  127  7:00  Hydralisk  
  133  7:03  Hydralisk x2  
  133  7:04  Extractor  
  133  7:05  Hydralisk  
  138  7:08  Hydralisk  
  138  7:11  Hydralisk x2  
  138  7:13  Hydralisk  
  146  7:16  Hydralisk  
  146  7:17  Hydralisk  
  146  7:20  Hydralisk  
  146  7:22  Hydralisk  
  152  7:26  Hydralisk  
  152  7:27  Hydralisk  
  158  7:34  Hydralisk x4  
  166  7:38  Overlord  
  166  7:50  Overlord x2  
  166  7:53  Overlord  
  166  7:56  Queen  
  166  7:58  Roach, Infestation Pit  
  167  7:59  Roach x3  
  167  8:00  Overlord  
  175  8:13  Roach  
  175  8:14  Roach x8  
  175  8:16  Roach x2  
  175  8:18  Roach  
  199  8:26  Zerg Missile Weapons Level 2  
  199  8:30  Extractor  
  199  8:32  Drone  
  199  8:39  Roach x2  
  189  8:59  Hydralisk x2  
  189  9:00  Roach x5, Hydralisk x3  
  189  9:01  Roach  
  191  9:03  Roach x2  
  191  9:09  Roach x3, Hydralisk x4  
  193  9:10  Roach x3  
  193  9:14  Hive  
  193  9:16  Roach x2  
  189  9:23  Roach x2, Hydralisk  
  189  9:29  Roach  
  179  9:33  Spire  
  179  9:34  Roach x2, Hydralisk  
  179  9:38  Hydralisk  
  180  9:41  Hydralisk  
  180  9:42  Hydralisk  
  186  9:46  Hydralisk x4  
  190  9:53  Roach x2  
  186  10:03  Roach  
  186  10:05  Hydralisk x4  
  190  10:15  Hydralisk  
  190  10:16  Hydralisk x2  
  190  10:17  Hydralisk  
  170  10:45  Greater Spire, Corruptor  
  170  10:46  Corruptor x6  
  140  11:11  Hatchery, Overlord  
  140  11:12  Overlord x2  
  140  11:17  Overlord x2  
  139  11:19  Overlord  
  139  11:44  Hydralisk x6  
  147  11:57  Brood Lord x7  
  147  11:59  Hydralisk x3  
  125  12:15  Roach  
  125  12:16  Roach x10  
  125  12:22  Roach Warren  
  131  12:28  Roach x3  
  117  12:39  Roach x2  
  87  12:58  Swarm Host x3  
  79  13:05  Swarm Host x2  
  80  13:11  Swarm Host  
  89  13:15  Swarm Host  
  92  13:20  Swarm Host  
  95  13:28  Roach  
  95  13:33  Roach  
  99  13:34  Queen  
  101  13:42  Roach x2  
  101  13:47  Roach  
  105  14:02  Roach x2  
  103  14:03  Roach  
  101  14:12  Roach  
  100  14:23  Roach  
  74  14:34  Roach x3  
  74  14:36  Roach  
  73  14:38  Roach  
  73  14:45  Roach  
  75  14:47  Roach  
  73  14:56  Roach  
  73  14:59  Roach  
  65  15:06  Roach  
  67  15:11  Roach  
  69  15:15  Roach  
  67  15:22  Roach  
  67  15:26  Roach  
  69  15:37  Roach x2  
  69  15:41  Roach  
  67  15:46  Roach  
  63  15:54  Roach  
  63  15:59  Roach  
  65  16:06  Roach  
  62  16:20  Roach  
  29  16:50  Roach  
  30  17:08  Roach  
  30  17:23  Roach  
Show
View Real Time Build Order
Export as new Build Order

RAIL Protoss - Winner!

Build Orders: 1 Gate Expand, Archon Immortal, Zealot Archon, Colossus Rush 

Get SALT Encoding   

  12  0:00  Probe  
  13  0:12  Probe  
  14  0:19  Pylon  
  14  0:24  Probe (Chrono Boost)  
  15  0:38  Probe (Chrono Boost), Gateway  
  16  0:45  Probe (Chrono Boost)  
  16  0:47  Assimilator  
  17  0:52  Probe  
  19  1:04  Probe  
  19  1:21  Nexus  
  19  1:31  Cybernetics Core  
  19  1:33  Probe (Chrono Boost)  
  20  1:41  Assimilator  
  20  1:43  Probe (Chrono Boost)  
  21  1:48  Pylon  
  21  1:50  Probe  
  22  2:02  Probe (Chrono Boost)  
  23  2:09  Stalker  
  23  2:13  Warp Gate  
  23  2:14  Probe (Chrono Boost)  
  26  2:20  Probe (Chrono Boost)  
  28  2:30  Probe (Chrono Boost)  
  28  2:32  Robotics Facility  
  28  2:33  Probe (Chrono Boost)  
  29  2:41  Stalker  
  33  2:45  Probe x2 (Chrono Boost)  
  33  2:50  Probe  
  33  2:52  Probe  
  33  2:55  Shield Battery  
  35  3:02  Probe (Chrono Boost)  
  37  3:10  Probe (Chrono Boost)  
  37  3:11  Sentry  
  40  3:14  Probe (Chrono Boost)  
  40  3:19  Probe x2 (Chrono Boost), Gateway  
  41  3:20  Observer  
  41  3:25  Pylon  
  43  3:28  Probe (Chrono Boost)  
  43  3:29  Pylon  
  45  3:34  Probe (Chrono Boost)  
  45  3:35  Assimilator  
  45  3:40  Probe (Chrono Boost)  
  46  3:43  Sentry, Pylon  
  46  3:44  Probe (Chrono Boost)  
  46  3:45  Probe (Chrono Boost)  
  50  3:50  Assimilator  
  50  3:55  Probe x2  
  52  4:02  Gateway  
  52  4:03  Twilight Council  
  52  4:07  Probe x2  
  52  4:08  Forge  
  54  4:15  Gateway  
  54  4:19  Probe, Gateway  
  55  4:24  Gateway  
  55  4:28  Probe  
  56  4:35  Immortal (Chrono Boost)  
  60  4:39  Probe  
  60  4:40  Charge  
  60  4:42  Protoss Ground Weapons Level 1  
  61  4:48  Templar Archives  
  61  4:53  Probe  
  61  4:54  Probe  
  61  4:58  Pylon  
  63  5:05  Immortal (Chrono Boost)  
  63  5:06  Pylon  
  63  5:11  Probe  
  68  5:18  Zealot x2  
  72  5:27  Nexus  
  72  5:30  Pylon  
  72  5:40  Zealot  
  72  5:41  Immortal (Chrono Boost)  
  78  5:44  Pylon  
  78  5:46  High Templar x2  
  82  5:50  Shield Battery, Archon  
  82  5:52  Colossus (Chrono Boost)  
  82  5:55  Pylon  
  82  5:59  High Templar x2, Zealot  
  82  6:02  Photon Cannon  
  82  6:03  Zealot, Archon  
  90  6:09  Warp Prism (Chrono Boost)  
  92  6:15  Probe x2  
  94  6:19  Zealot x2  
  94  6:21  Sentry  
  100  6:27  Probe  
  100  6:28  Probe  
  102  6:34  Pylon  
  102  6:35  Pylon  
  103  6:40  Probe x3, Pylon  
  103  6:41  Protoss Ground Weapons Level 2 (Chrono Boost)  
  105  6:52  Probe (Chrono Boost)  
  105  6:53  Probe (Chrono Boost)  
  107  6:57  Probe (Chrono Boost)  
  107  6:58  Psionic Storm  
  107  6:59  Immortal  
  112  7:01  Assimilator  
  112  7:02  High Templar x2, Assimilator  
  112  7:04  Probe (Chrono Boost)  
  112  7:05  Probe (Chrono Boost), Zealot  
  112  7:06  Archon  
  112  7:07  Probe (Chrono Boost)  
  121  7:09  Probe (Chrono Boost)  
  121  7:10  Gateway  
  121  7:13  Probe  
  123  7:17  Gateway  
  123  7:21  Probe  
  124  7:25  Probe  
  123  7:31  Photon Cannon  
  123  7:36  High Templar, Zealot x2  
  129  7:39  Immortal (Chrono Boost)  
  129  7:42  Zealot  
  129  7:43  Zealot  
  137  7:48  High Templar, Zealot x2  
  139  7:56  Gateway  
  139  7:57  High Templar, Zealot  
  139  7:58  Pylon  
  143  7:59  Pylon  
  143  8:02  Pylon  
  143  8:03  Robotics Facility  
  143  8:07  Zealot  
  143  8:13  Immortal (Chrono Boost), Pylon  
  143  8:16  High Templar  
  143  8:17  Zealot x2, Pylon  
  143  8:19  Zealot  
  155  8:33  Zealot x4  
  163  8:37  Pylon  
  163  8:40  Observer (Chrono Boost)  
  164  8:44  Zealot x3  
  166  8:57  Immortal  
  160  9:08  Zealot x3  
  160  9:09  Zealot x4  
  132  9:17  Probe  
  132  9:18  Probe x2  
  130  9:29  Probe, Archon  
  130  9:30  Probe x2  
  130  9:31  Immortal  
  130  9:37  High Templar x2, Zealot x2  
  130  9:38  Zealot x4  
  146  9:44  Probe x2  
  148  9:46  Pylon  
  152  10:00  Probe x2  
  152  10:03  Protoss Ground Weapons Level 3 (Chrono Boost)  
  152  10:07  Immortal (Chrono Boost)  
  152  10:08  Immortal (Chrono Boost)  
  156  10:16  High Templar  
  156  10:17  High Templar x3  
  156  10:20  Pylon  
  156  10:21  Archon x2  
  160  10:28  Zealot x2  
  160  10:29  Zealot x2  
  160  10:32  Zealot  
  152  10:37  Immortal (Chrono Boost)  
  148  10:44  Warp Prism (Chrono Boost)  
  148  10:49  Zealot  
  144  10:50  Zealot x4  
  148  10:57  Stalker  
  148  10:58  Zealot  
  146  11:09  Immortal  
  148  11:12  High Templar x3  
  148  11:14  High Templar, Zealot x2  
  148  11:17  Archon  
  160  11:29  Zealot x2, Immortal  
  168  11:38  Zealot x2  
  172  11:49  Zealot x2  
  176  11:54  High Templar  
  176  11:55  High Templar x2  
  178  12:07  Zealot  
  178  12:08  Zealot x2  
  159  12:16  Zealot  
  154  12:30  Probe x2  
  154  12:31  Zealot x2  
  154  12:32  Zealot x2  
  152  12:41  Blink (Chrono Boost)  
  126  12:45  Probe x3  
  102  12:57  Probe x2  
  86  13:02  Probe  
  86  13:03  High Templar  
  86  13:04  High Templar x3, Zealot  
  86  13:05  Zealot x2  
  95  13:09  Archon x2  
  87  13:13  Probe  
  87  13:14  Probe  
  86  13:23  Probe  
  86  13:25  Probe  
  86  13:26  High Templar  
  86  13:27  High Templar, Zealot  
  92  13:29  Cybernetics Core  
  92  13:31  Archon  
  92  13:32  Zealot x2  
  98  13:39  Gateway  
  98  13:41  Photon Cannon  
  98  13:48  Zealot x3  
  84  14:05  Archon  
  84  14:06  Stalker x3  
  82  14:10  Stalker  
  76  14:19  Stalker  
  70  14:28  High Templar  
  70  14:29  High Templar  
  72  14:38  Archon  
  62  14:39  Stalker x3  
  64  14:47  Stalker x2  
  56  15:02  Zealot x3  
  62  15:09  High Templar x2  
  62  15:12  Stalker  
  62  15:13  Archon  
  62  15:22  High Templar x2, Zealot  
  62  15:24  Zealot  
  62  15:26  Archon  
  66  15:48  Zealot x2  
  66  15:49  Zealot  
  72  15:55  High Templar x2  
  70  16:00  Archon  
  70  16:11  High Templar x2  
  70  16:12  Zealot x3  
  70  16:17  Archon  
  60  16:36  Zealot x3  
  60  16:37  Zealot x3  
  66  16:51  Stalker  
  64  16:58  Assimilator  
  64  16:59  High Templar x4  
  72  17:03  Archon x2  
  72  17:04  Stalker  
  72  17:05  Zealot  
  76  17:17  Zealot  
  78  17:23  Zealot x2  
  78  17:27  High Templar x2  
  82  17:32  Archon  
  76  17:44  Zealot x3  
  76  17:45  Zealot  
  82  17:53  High Templar x2  
Tags
 
Add a new tag
Caveats
  • Supply blocks, unpowered buildings, or Contaminate may cause inaccurate times.
  • Supply counts are checked every 10 seconds.